 Dungeon Crawl Stone Soup version 0.19.0-19-g8c6edcc (webtiles) character file.

691 inmateoo the Poker (level 7, -2/50 HPs)
             Began as a Formicid Warper on Nov 13, 2016.
             Slain by an adder (3 damage)
             ... on level 5 of the Dungeon.
             The game lasted 00:07:24 (4720 turns).

inmateoo the Poker (Formicid Warper)                Turns: 4720, Time: 00:07:25

Health: -2/50      AC: 12    Str: 18    XL:     7   Next: 95%
Magic:  10/10      EV:  7    Int: 12    God:
Gold:   260        SH:  0    Dex: 10    Spells: 1 memorised, 8 levels left

rFire  + . .     SeeInvis +     a - +1 spear
rCold  . . .     Gourm    +     o - +0 chain mail
rNeg   . . .     Faith    .     (no shield)
rPois  +         Spirit   .     (helmet unavailable)
rElec  .         Reflect  .     (no cloak)
rCorr  .         Harm     .     (no gloves)
MR     .....                    l - +0 pair of boots
Stlth  ..........               p - amulet of the gourmand
                                u - ring of protection from fire
                                j - ring of teleportation (curse)

@: no status effects
A: permanent stasis, dig shafts and tunnels, four strong arms, antennae 3, thin
metallic scales 1, poison resistance
a: Dig, Shaft Self


You were on level 5 of the Dungeon.
You were not hungry.

You visited 1 branch of the dungeon, and saw 5 of its levels.

You collected 260 gold pieces.

Inventory:

Hand Weapons
 a - a +1 spear (weapon)
 s - a +0 trident
Missiles
 e - 4 tomahawks of dispersal (quivered)
Armour
 l - a +0 pair of boots (worn)
 o - a +0 chain mail (worn)
Magical Staves
 i - an uncursed staff of earth
Jewellery
 j - a cursed ring of teleportation (left hand)
 p - an amulet of the gourmand (around neck)
 u - a ring of protection from fire (right hand)
 w - a +2 ring of dexterity {unknown}
 x - an uncursed ring of protection from cold {unknown}
 y - an uncursed ring of magical power {unknown}
Wands
 d - a wand of paralysis (12/24)
Scrolls
 g - 5 scrolls of identify
 h - a scroll of enchant weapon
 z - a scroll of fog
Potions
 n - 2 potions of agility
 q - a potion of curing
 t - a potion of cancellation
 v - 2 potions of might
Books
 c - a book of Spatial Translocations

   Spells                             Type                      Level
   a - Blink                          Translocation                2
   b - Shroud of Golubria             Charms/Translocation         2
   c - Lesser Beckoning               Translocation                3
   d - Portal Projectile              Translocation                3
   e - Teleport Other                 Translocation                3
   f - Passage of Golubria            Translocation                4
Comestibles
 b - 2 fruits
 f - 4 bread rations
 k - 2 meat rations
 m - a beef jerky
 r - a slice of pizza


   Skills:
 - Level 2.1 Fighting
 * Level 7.3 Polearms
 - Level 1.0 Throwing
 + Level 4.4 Armour
 - Level 1.7 Dodging
 - Level 2.1 Spellcasting
 - Level 2.6 Translocations


You had 8 spell levels left.
You knew the following spells:

 Your Spells              Type           Power        Failure   Level  Hunger
a - Shroud of Golubria    Chrm/Tloc      #.........   100%        2    ###....


Dungeon Overview and Level Annotations

Branches:
Dungeon (5/15)
 Temple: D:4-7

Altars:

Annotations:
D:2 Sigmund


Innate Abilities, Weirdness & Mutations

You are under a permanent stasis effect.
You can dig through walls and to a lower floor.
Your four strong arms can wield two-handed weapons with a shield.
You have a pair of large antennae on your head. (SInv)
You are partially covered in thin metallic scales. (AC +2)
Your system is resistant to poisons. (rPois)


Message History

The puff of flame hits you! You resist.
You barely miss the ogre.
The ogre is lightly wounded.
The adder bites you but does no damage. The ogre hits you with a giant club!
You hit the ogre.
The ogre is moderately wounded.
The adder barely misses you.
You hit the ogre.
The ogre is heavily wounded.
The adder bites you but does no damage. The ogre hits you with a giant club!
You hit the ogre.
The ogre is severely wounded.
The adder bites you.
You completely miss the ogre.
The ogre is severely wounded.
The ogre hits you but does no damage.
The ogre hits you with a giant spiked club!!
* * * LOW HITPOINT WARNING * * *
The adder bites you.
You die...

#..# .##..<
....#.#####
#..o......#
........#.# ####
[.......#.## ....#
......SO#..#.....#
......O@†.<......#
.....?..##.......#
........###......#
......... .######
........## ..
........# ..#
........# ###
#########


You could see 2 ogres, an orc wizard and an adder.

Vanquished Creatures
  A centaur (D:4)
  A howler monkey (D:5)
  2 orc priests (D:4)
  2 hounds (D:4)
  7 orc wizards
  5 worker ants (D:4)
  6 adders
  A worm (D:4)
  A dart slug (D:1)
  4 leopard geckos
  11 orcs
  5 bats
  4 giant cockroaches
  5 goblins
  2 hobgoblins
  4 jackals
  2 quokkas
  2 ball pythons
  4 frilled lizards
  A jackal skeleton (D:4)
  7 kobolds
  2 quokka skeletons (D:4)
  A rat (D:1)
80 creatures vanquished.

Notes
Turn   | Place    | Note
-------+----------+-------------------------------------------
     0 | D:1      | inmateoo the Formicid Warper began the quest for the Orb.
     0 | D:1      | Reached XP level 1. HP: 16/16 MP: 3/3
   181 | D:1      | Reached XP level 2. HP: 20/22 MP: 5/5
   460 | D:1      | Learned a level 2 spell: Shroud of Golubria
   514 | D:1      | Reached skill level 3 in Polearms
   602 | D:1      | Reached XP level 3. HP: 26/27 MP: 6/6
  1177 | D:2      | Reached skill level 4 in Polearms
  1177 | D:2      | Reached XP level 4. HP: 33/33 MP: 4/7
  1200 | D:2      | Noticed Sigmund
  1443 | D:3      | Reached XP level 5. HP: 19/38 MP: 8/8
  1721 | D:3      | Gained mutation: Your system is resistant to poisons. (rPois) [potion of mutation]
  1721 | D:3      | Gained mutation: You are partially covered in thin metallic scales. (AC +2) [potion of mutation]
  1762 | D:3      | Reached skill level 5 in Polearms
  2421 | D:3      | Noticed a centaur
  2667 | D:4      | Reached XP level 6. HP: 35/44 MP: 9/9
  3151 | D:4      | Reached skill level 6 in Polearms
  3282 | D:4      | Reached XP level 7. HP: 21/50 MP: 10/10
  3776 | D:4      | HP: 2/50 [orc priest/divine providence (15)]
  4511 | D:5      | Entered Level 5 of the Dungeon
  4595 | D:4      | Reached skill level 7 in Polearms
  4720 | D:5      | HP: 1/50 [ogre/giant spiked club (22)]
  4720 | D:5      | Slain by an adder

Skill      XL: |  1  2  3  4  5  6  7 |
---------------+----------------------+-----
Polearms       | 3 4 5 6 7 |  7.3
Armour         | 2 3 4 |  4.4
Fighting       | |  2.1
Throwing       | |  1.0
Dodging        | |  1.7
Spellcasting   | |  2.1
Translocations | |  2.6

Action                   |  1- 3 |  4- 6 |  7- 9 || total
-------------------------+-------+-------+-------++-------
Melee: Spear             |   136 |   265 |   160 ||   561
Throw: Tomahawk          |     1 |       |       ||     1
 Cast: Shroud of Golubri |     2 |       |       ||     2
 Abil: Dig               |       |     5 |     2 ||     7
  Use: Scroll            |     4 |     2 |     3 ||     9
       Potion            |     2 |     1 |     1 ||     4
  Eat: Chunk             |     1 |    17 |     2 ||    20
Armor: Leather armour    |    47 |     6 |       ||    53
       Chain mail        |       |   100 |    66 ||   166
Dodge: Dodged            |    84 |    89 |    32 ||   205
